 Dungeon Crawl Stone Soup version 0.29.1-1-gd02db6906a (webtiles) character file.

Game seed: 5832664446205099426

462 raph the Conjurer (level 6, -3/45 HPs)
             Began as a Draconian Hedge Wizard on Sept 18, 2022.
             Was an Initiate of Sif Muna.
             Succumbed to a water moccasin's poison
             ... on level 5 of the Dungeon.
             The game lasted 00:09:27 (6607 turns).

raph the Conjurer (Draconian Hedge Wizard)          Turns: 6607, Time: 00:09:27

Health: -3/45      AC:  9    Str: 13    XL:     6   Next: 79%
Magic:  6/11       EV: 12    Int: 22    God:    Sif Muna [......]
Gold:   324        SH:  0    Dex: 10    Spells: 0/12 levels left

rFire   . . .      SeeInvis .   a - +0 dagger (protect)
rCold   . . .      Faith    .   (no shield)
rNeg    . . .      Spirit   .   (body armour unavailable)
rPois   .          Reflect  .   b - +1 hat
rElec   .          Harm     .   (no cloak)
rCorr   +          Rampage  .   g - +1 pair of gloves
Will    .....                   (no boots)
Stlth   ++........              t - amulet of magic regeneration
HPRegen 0.15/turn               k - +6 ring of intelligence
MPRegen 0.52/turn               r - ring of resist corrosion

@: lethally poisoned (-3 -> -25)
A: AC +6, unfitting armour, cold-blooded
a: Renounce Religion


You were on level 5 of the Dungeon.
You worshipped Sif Muna.
Sif Muna was noncommittal.
You visited 1 branch of the dungeon, and saw 5 of its levels.

You collected 324 gold pieces.

Inventory:

Hand Weapons
 a - a +0 dagger of protection (weapon)
Missiles
 v - 5 boomerangs
Armour
 b - a +1 hat (worn)
 g - a +1 pair of gloves (worn)
Jewellery
 k - a +6 ring of intelligence (left hand)
 r - a ring of resist corrosion (right hand)
 t - an amulet of magic regeneration (around neck)
Wands
 o - a wand of roots (4)
 y - a wand of flame (17)
Scrolls
 e - 5 scrolls of teleportation
 s - 2 scrolls of butterflies {unknown}
 u - a scroll of magic mapping
 w - a scroll of identify
Potions
 c - 2 potions of magic
 d - 4 potions of heal wounds
 f - 2 potions of curing
 h - a potion of resistance
 i - a potion of haste
 j - a potion of cancellation
 l - 2 potions of might {unknown}
 m - a potion of brilliance {unknown}
 n - a potion of degeneration {unknown}
 p - a potion of flight {unknown}
 q - 3 potions of attraction
 x - 2 potions of lignification {unknown}


   Skills:
 + Level 2.7 Dodging
 + Level 3.0 Stealth
 + Level 3.7 Spellcasting
 + Level 5.1 Conjurations
 + Level 2.4 Summonings
 - Level 1.0 Translocations


You couldn't memorise any spells.
You knew the following spells:

 Your Spells              Type           Power      Damage    Failure   Level
a - Magic Dart            Conj           100%       1d8       1%          1
b - Blink                 Tloc           16%        N/A       12%         2
c - Call Imp              Summ           14%        N/A       6%          2
d - Mephitic Cloud        Conj/Pois/Air  11%        N/A       17%         3
e - Summon Small Mammal   Summ           56%        N/A       4%          1
f - Call Canine Familiar  Summ           14%        N/A       13%         3

Your spell library contained the following spells:

 Spells                   Type           Power      Damage    Failure   Level
 Slow                     Hex            16%        N/A       12%         1
 Conjure Flame            Conj/Fire      15%        6-21      12%         3
 Summon Guardian Golem    Hex/Summ       9%         N/A       22%         3


Dungeon Overview and Level Annotations

Branches:
Dungeon (5/15)
 Temple: D:4-7

Altars:
Dithmenos
Gozag
Makhleb
Okawaru
Qazlal
Ru
Sif Muna
Trog
Vehumet

Annotations:
D:1 1 runed translucent door


Innate Abilities, Weirdness & Mutations

Your plain brown scales are hard. (AC +6)
You cannot fit into any form of body armour.
You are cold-blooded and may be slowed by cold attacks.


Message History

The water moccasin bites you!
You are poisoned.
The water moccasin poisons you!
Your hound bites the water moccasin.
Your crimson imp blinks!
You feel very sick.
Your hound misses the water moccasin. The water moccasin bites you.
You are more poisoned.
The water moccasin poisons you! The water moccasin bites you!
You are more poisoned.
The water moccasin poisons you!
Your hound closely misses the water moccasin.
Aiming: Magic Dart (safe; 1% risk of failure)
Press: ? - help, Q - select action, (/) - cycle Shift-Dir - straight line, f/p - water moccasin
Aim: a water moccasin (moderately wounded, ally target, 100% to hit)
The magic dart hits the water moccasin.
The water moccasin is severely wounded.
You feel extremely sick.
Your hound closely misses the water moccasin.
The water moccasin bites you but does no damage.
Aiming: Magic Dart (safe; 1% risk of failure)
Press: ? - help, Q - select action, (/) - cycle Shift-Dir - straight line, f/p - water moccasin
Aim: a water moccasin (severely wounded, ally target, 100% to hit)
The magic dart hits the water moccasin.
The water moccasin is almost dead.
* * * LOW HITPOINT WARNING * * *
You feel extremely sick.
Your hound barely misses the water moccasin.
The water moccasin barely misses you.
Your hound misses the water moccasin.
Your crimson imp blinks!
Aiming: Magic Dart (safe; 1% risk of failure)
Press: ? - help, Q - select action, (/) - cycle Shift-Dir - straight line, f/p - water moccasin
Aim: a water moccasin (almost dead, ally target, 100% to hit)
The magic dart hits the water moccasin.
The water moccasin is almost dead.
* * * LOW HITPOINT WARNING * * *
You feel very sick.
The water moccasin bites you but does no damage.
Your hound misses the water moccasin. The water moccasin bites you.
* * * LOW HITPOINT WARNING * * *
You die...

#......#
####......#
..........######
.........ยง.....##.
#................
#.)#....5..#....
#...............
#....hS...##..
####.#@.......#
#####...##.##.##
#.....### ...
###.###.# ### #...#
#.#########
#.#####.#5......#
#.......'.......#
#######.#.......#
######.#.......#


You could see a water moccasin (ally target), a friendly hound (summoned) and a
friendly crimson imp (summoned).

Vanquished Creatures
  A scorpion (D:5)
  A howler monkey (D:4)
  A hound (D:5)
  Jessica (D:2)
  An orc wizard (D:5)
  Ijyb (D:5)
  3 adders
  An ufetubus (D:5)
  A worm (D:2)
  4 orcs
  3 bats
  4 endoplasms
  4 giant cockroaches
  7 goblins
  2 hobgoblins
  2 jackals (D:1)
  7 kobolds
  A quokka (D:4)
  6 ball pythons
  3 frilled lizards
  2 rats
56 creatures vanquished.

Vanquished Creatures (collateral kills)
  An ogre (D:4)
  2 orc priests (D:3)
  2 adders
  2 worms
  An orc (D:3)
  An endoplasm (D:3)
  A goblin (D:3)
10 creatures vanquished.

Vanquished Creatures (others)
  7 toadstools (D:5)
7 creatures vanquished.

Grand Total: 73 creatures vanquished

Notes
Turn   | Place    | Note
-------+----------+-------------------------------------------
     0 | D:1      | raph the Draconian Hedge Wizard began the quest for the
                  | Orb.
     0 | D:1      | Reached XP level 1. HP: 14/14 MP: 4/4
     1 | D:1      | Found a runed translucent door.
   878 | D:1      | Reached skill level 2 in Conjurations
   913 | D:1      | Reached XP level 2. HP: 7/20 MP: 0/6
  1118 | D:1      | Learned a level 2 spell: Blink
  1121 | D:1      | Learned a level 2 spell: Call Imp
  2622 | D:2      | Noticed Jessica
  2628 | D:2      | Killed Jessica
  2629 | D:2      | Reached skill level 3 in Conjurations
  2629 | D:2      | Reached XP level 3. HP: 20/26 MP: 1/7
  2633 | D:2      | Learned a level 3 spell: Mephitic Cloud
  3105 | D:2      | Found a faded altar of an unknown god.
  3701 | D:2      | Reached skill level 4 in Conjurations
  3701 | D:2      | Reached XP level 4. HP: 33/33 MP: 3/8
  3814 | D:3      | Learned a level 1 spell: Summon Small Mammal
  4429 | D:3      | Reached XP level 5. HP: 9/38 MP: 1/9
  4900 | D:3      | Found a sacrificial altar of Ru.
  4904 | D:3      | Found a bloodstained altar of Trog.
  5184 | D:4      | Found a radiant altar of Vehumet.
  5188 | D:4      | Found a shimmering blue altar of Sif Muna.
  5190 | D:4      | Found a burning altar of Makhleb.
  5192 | D:4      | Found an iron altar of Okawaru.
  5192 | D:4      | Found a stormy altar of Qazlal.
  5194 | D:4      | Found a shadowy altar of Dithmenos.
  5197 | D:4      | Found an opulent altar of Gozag.
  5208 | D:4      | Became a worshipper of Sif Muna the Loreminder
  5285 | D:4      | Noticed an ogre
  5301 | D:4      | Killed an ogre
  5503 | D:4      | Reached XP level 6. HP: 45/45 MP: 4/11
  5985 | D:5      | Entered Level 5 of the Dungeon
  6238 | D:5      | Noticed Ijyb
  6280 | D:5      | Reached skill level 5 in Conjurations
  6312 | D:5      | Killed Ijyb
  6352 | D:5      | Learned a level 3 spell: Call Canine Familiar
  6363 | D:5      | Noticed a water moccasin
  6606 | D:5      | HP: 2/45 [water moccasin (2)]
  6607 | D:5      | Succumbed to a water moccasin's poison

Illustrated notes

Levels and vault maps discovered:
D:1:      dpeg_arrival_caged_fury, layout_loops_corners
D:2:      layout_loops_cross, shapermc_ecumenical_altar_mp_urbaneastern,
          minmay_misc_feat_secret_circle, minmay_liquid_box,
          kennysheep_generic_room_11, uniq_jessica
D:3:      layout_loops_ring, grunt_temple_overflow_open, minmay_fountain_box,
          kennysheep_generic_room_4
D:4:      layout_loops_cross, minitemple, minmay_misc_feat_encased
D:5:      cheibrodos_fertilizer, layout_basic, minmay_temple_entry_crystal_x,
          nicolae_eternal_life, minmay_a_box_with_orc_wizards_in_it, uniq_ijyb

Skill      XL: |  1  2  3  4  5  6 |
---------------+-------------------+-----
Conjurations   | 2 3 4 5 |  5.1
Stealth        | 2 3 |  3.0
Dodging        | 2 |  2.7
Summonings     | 2 |  2.4
Spellcasting   | |  3.7
Translocations | |  1.0

Action                   |  1- 3 |  4- 6 || total
-------------------------+-------+-------++-------
Melee: Dagger            |    48 |    21 ||    69
       Tailslap          |     3 |     3 ||     6
       Punch             |     2 |     1 ||     3
 Cast: Magic Dart        |    65 |    97 ||   162
       Call Imp          |     3 |    12 ||    15
       Blink             |     1 |       ||     1
       Summon Small Mamm |       |     3 ||     3
       Call Canine Famil |       |     2 ||     2
  Use: Scroll            |     6 |     8 ||    14
       Potion            |       |     1 ||     1
 Stab: Sleeping          |     1 |       ||     1
Armor: Skin              |    32 |    32 ||    64
Dodge: Dodged            |    62 |    35 ||    97
